 Dungeon Crawl Stone Soup version 0.30-b1-2-g02819fbbbe (webtiles) character file.

Game seed: 10646296242827945477

3502 Metae the Protected (level 9, -2/82 HPs)
             Began as a Minotaur Fighter on June 27, 2023.
             Was a Follower of Uskayaw.
             Slain by an unseen horror (7 damage)
             ... on level 8 of the Dungeon.
             The game lasted 00:14:23 (7316 turns).

Metae the Protected (Minotaur Fighter)              Turns: 7316, Time: 00:14:24

Health: -2/82      AC: 11    Str: 25    XL:     9   Next: 80%
Magic:  8/8        EV: 12    Int:  5    God:    Uskayaw [*.....]
Gold:   584        SH:  6    Dex: 16    Spells: 8/8 levels left

rFire   . . .        H - +5 short sword
rCold   . . .        c - +0 buckler
rNeg    . . .        F - +0 chain mail
rPois   .            (helmet restricted)
rElec   .            (no cloak)
rCorr   .            (no gloves)
SInv    .            (no boots)
Will    .....        (no amulet)
Stlth   x              - +6 ring of dexterity
HPRegen 0.33/turn    (no ring)
MPRegen 0.11/turn

%: no passive effects
@: no status effects
A: horns 2, retaliatory headbutt
a: Renounce Religion, Stomp


You were on level 8 of the Dungeon.
You worshipped Uskayaw.
Uskayaw was noncommittal.
You visited 2 branches of the dungeon, and saw 9 of its levels.

You collected 584 gold pieces.

Inventory:

Hand Weapons
 a - a +0 rapier
 t - a +0 sling
 u - a +1 dagger of electrocution
 H - a +5 short sword (weapon)
Missiles
 o - 59 stones (quivered)
 C - 14 poisoned darts
Armour
 c - a +0 buckler (worn)
 F - a +0 chain mail (worn)
Jewellery
 e - a ring of magical power
 x - a +6 ring of dexterity (left hand)
 D - a ring of ice
Wands
 B - a wand of mindburst (14)
 L - a wand of iceblast (5)
Scrolls
 f - 2 scrolls of noise
 h - 3 scrolls of torment
 j - a scroll of blinking {unknown}
 l - a scroll of poison {unknown}
 m - 2 scrolls of butterflies {unknown}
 n - 3 scrolls of enchant weapon
 p - 2 scrolls of amnesia {unknown}
 q - 2 scrolls of immolation {unknown}
 s - 4 scrolls of vulnerability
 w - a scroll of magic mapping {unknown}
 y - a scroll of teleportation {unknown}
 I - a scroll of identify
 J - a scroll of enchant armour {unknown}
 K - 2 scrolls of fear {unknown}
 M - 3 scrolls of silence {unknown}
Potions
 b - a potion of ambrosia {unknown}
 d - 2 potions of might
 g - 4 potions of lignification
 i - 3 potions of heal wounds {unknown}
 k - 2 potions of flight {unknown}
 r - 4 potions of brilliance
 v - 2 potions of curing
 z - a potion of berserk rage {unknown}
 A - 3 potions of degeneration
 E - 2 potions of cancellation {unknown}
 G - a potion of haste {unknown}


   Skills:
 + Level 8.3 Fighting
 + Level 7.2 Short Blades
 + Level 8.4 Armour
 + Level 6.7 Dodging
 + Level 8.4 Shields


You had 8 spell levels left.
You didn't know any spells.
Your spell library contained the following spells:

 Spells                   Type           Power      Damage    Failure   Level
 Slow                     Hex            0%         N/A       95%         1
 Sting                    Tmut/Pois      0%         1d3       95%         1
 Confusing Touch          Hex            0%         N/A       100%        3
 Inner Flame              Hex/Fire       0%         N/A       100%        3
 Ozocubu's Armour         Ice            0%         N/A       100%        3
 Vampiric Draining        Necr           0%         2d6       100%        3
 Flame Wave               Conj/Fire      0%         2d4       100%        4
 Sticky Flame             Conj/Fire      0%         2d3       100%        4
 Irradiate                Conj/Tmut      0%         3d11      100%        5
 Metabolic Englaciation   Hex/Ice        0%         N/A       100%        5
 Eringya's Noxious Bog    Tmut/Pois      0%         N/A       100%        6
 Simulacrum               Ice/Necr       0%         N/A       100%        6
 Storm Form               Tmut/Air       0%         N/A       100%        7


Dungeon Overview and Level Annotations

Branches:
Dungeon (8/15)             Temple (1/1) D:5
   Lair: D:8-11

Altars:
Ashenzari
Dithmenos
Gozag
Kikubaaqudgha
Makhleb
Okawaru
Ru
Sif Muna
Uskayaw
Xom
Zin


Innate Abilities, Weirdness & Mutations

You have a pair of horns on your head.
You reflexively headbutt those who attack you in melee.


Message History

Something hits you but does no damage.
Deactivating autopickup; reactivate with Ctrl-A.
You hit the steam dragon but do no damage.
The steam dragon is almost dead.
You are engulfed in a cloud of scalding steam.
You block the steam dragon's attack. The steam dragon closely misses you.
Something hits you.
You are too injured to fight recklessly!
You are too injured to fight recklessly!
You are too injured to fight recklessly!
You are too injured to fight recklessly!
You closely miss the steam dragon. You headbutt the steam dragon.
You kill the steam dragon!
The steam dragon scales are intact enough to wear.
You are engulfed in a cloud of scalding steam.
You block something's attack. Something hits you. Something hits you.
Things that are here:
+0 steam dragon scales; a steam dragon corpse Something hits you.
Something hits you but does no damage. Something hits you.
Things that are here:
+0 steam dragon scales; a steam dragon corpse You miss something.
Something hits you but does no damage. You block something's attack.
You hit something but do no damage. Something hits you.
* * * LOW HITPOINT WARNING * * *
Something hits you but does no damage.
You barely miss something.
Something hits you but does no damage. x2
You can no longer pass through a line of other dancers.
You hit something but do no damage. Something hits you!
* * * LOW HITPOINT WARNING * * *
You miss something.
The sentinel's mark upon you fades away.
Something barely misses you. Something hits you!
* * * LOW HITPOINT WARNING * * *
You barely miss something. Something hits you but does no damage.
A centaur comes into view.
Something hits you!
You die...

...#>#....#.).<..#
.....#...........#
...###..#.#......#
#.####..#.#......#
#...........######
########.#### #.#
## #.# #########.#
.##### #.#
#@.[..?...# .[...#
#.#######.#########
.###.# #.......c.#
..##.# ###########
..##.# .....#
.....# ..##.#
.....#


You could see a centaur.

Vanquished Creatures
  5 yaks (D:7)
  2 steam dragons (D:8)
  A water moccasin (D:6)
  A sky beast (D:6)
  3 black bears
  3 ogres (D:6)
  4 ice beasts
  2 centaurs
  A phantom (D:4)
  A kobold brigand (D:7)
  A bullfrog (D:7)
  A scorpion (D:4)
  5 wights (D:7)
  3 orc priests
  3 hounds
  2 gnoll boudas
  3 jellies
  3 sleepcaps
  3 orc wizards
  9 gnolls
  8 adders
  A shadow imp (D:6)
  A white imp (D:4)
  4 dart slugs
  15 orcs
  10 endoplasms
  4 giant cockroaches
  5 goblins
  7 hobgoblins
  8 jackals
  3 quokkas
  8 ball pythons
  3 bats
  6 frilled lizards
  10 kobolds
  7 rats
156 creatures vanquished.

Vanquished Creatures (others)
  An orc (D:8)
1 creature vanquished.

Grand Total: 157 creatures vanquished

Notes
Turn   | Place    | Note
-------+----------+-------------------------------------------
     0 | D:1      | Metae the Minotaur Fighter began the quest for the Orb.
     0 | D:1      | Reached XP level 1. HP: 19/19 MP: 0/0
   408 | D:1      | Reached XP level 2. HP: 24/27 MP: 1/1
   849 | D:1      | Reached skill level 1 in Dodging
  1020 | D:2      | Reached XP level 3. HP: 33/33 MP: 2/2
  1580 | D:3      | Reached XP level 4. HP: 26/40 MP: 3/3
  2024 | D:3      | Found a faded altar of an unknown god.
  2225 | D:3      | Reached XP level 5. HP: 37/47 MP: 4/4
  2488 | D:4      | Reached XP level 6. HP: 44/55 MP: 5/5
  2714 | D:4      | Identified the +0 robe of Skepticism {Rampage Str+2}
  2718 | D:4      | Reached skill level 5 in Shields
  2752 | D:4      | Reached skill level 5 in Fighting
  2752 | D:4      | Reached skill level 5 in Armour
  2950 | D:5      | Entered Level 5 of the Dungeon
  3032 | D:5      | Found a staircase to the Ecumenical Temple.
  3073 | Temple   | Entered the Ecumenical Temple
  3132 | Temple   | Became a worshipper of Uskayaw the Reveller
  3151 | D:5      | Reached * piety under Uskayaw
  3155 | D:5      | Reached ** piety under Uskayaw
  3263 | D:5      | Reached XP level 7. HP: 57/61 MP: 6/6
  4566 | D:6      | Reached *** piety under Uskayaw
  4574 | D:6      | Reached **** piety under Uskayaw
  4582 | D:6      | Reached ***** piety under Uskayaw
  4583 | D:6      | Reached skill level 5 in Short Blades
  4800 | D:6      | Found an iron altar of Okawaru.
  4824 | D:6      | Reached XP level 8. HP: 70/70 MP: 7/7
  5180 | D:6      | Got the Incunable of the New World
  5258 | D:6      | Reached skill level 5 in Dodging
  6235 | D:7      | Found a burning altar of Makhleb.
  6235 | D:7      | Found an ancient bone altar of Kikubaaqudgha.
  6274 | D:7      | Reached XP level 9. HP: 74/79 MP: 8/8
  6546 | D:7      | Found a sacrificial altar of Ru.
  6555 | D:7      | Found a glowing silver altar of Zin.
  7069 | D:8      | Found an opulent altar of Gozag.
  7316 | D:8      | Slain by an unseen horror

Illustrated notes

Levels and vault maps discovered:
D:1:      dpeg_arrival_ratfight, layout_loops_corners
D:2:      layout_rooms
D:3:      layout_loops_ring, ebering_ecumenical_altar_rust
D:4:      layout_rooms
D:5:      layout_loops_ring, minmay_temple_entry_overgrown
D:6:      kb_forest_paths, layout_basic, lemuel_doored_altar
D:7:      layout_rooms, mainiacjoe_overflow_swirl, jmf_multi_god_temple
D:8:      layout_loops_cross, nicolae_gozag_cash_rules_everything_around_me
Temple:   hellmonk_temple_flake

Skill      XL: |  1  2  3  4  5  6  7  8  9 |
---------------+----------------------------+-----
Dodging        | 1 2 3 4 5 6 |  6.7
Fighting       | 4 5 6 7 8 |  8.3
Armour         | 4 5 6 7 8 |  8.4
Shields        | 4 5 6 7 8 |  8.4
Short Blades   | 3 4 5 6 7 |  7.2

Action                     |  1- 3 |  4- 6 |  7- 9 || total
---------------------------+-------+-------+-------++-------
  Melee: Rapier            |   124 |    16 |       ||   140
         Headbutt          |    11 |    30 |    52 ||    93
         Dagger            |       |   154 |   223 ||   377
         Short sword       |       |       |    62 ||    62
    Use: Potion            |       |       |     1 ||     1
         Scroll            |       |       |     7 ||     7
   Stab: Paralysed         |       |       |    11 ||    11
 Armour: Scale mail        |    46 |    50 |    25 ||   121
         Chain mail        |       |       |    68 ||    68
  Dodge: Dodged            |    57 |    56 |   114 ||   227
  Block: Buckler           |    24 |    31 |    76 ||   131
